 Dungeon Crawl Stone Soup version 0.29.1-1-gd02db69 (webtiles) character file.

Game seed: 3536824882643560732

2772 Timinator the Insei (level 9, 0/72 HPs)
             Began as a Demigod Transmuter on Dec 22, 2022.
             Succumbed to a gnoll's poison
             ... on level 6 of the Dungeon.
             The game lasted 00:28:12 (6486 turns).

Timinator the Insei (Demigod Transmuter)            Turns: 6486, Time: 00:28:13

Health: 0/72       AC:  6    Str: 15    XL:     9   Next: 19%
Magic:  18/18      EV: 18    Int: 15    God:
Gold:   486        SH:  0    Dex: 22    Spells: 13/16 levels left

rFire   + . .      SeeInvis .     - Unarmed
rCold   + + .      Faith    .   (no shield)
rNeg    . . .      Spirit   .   i - +0 ring mail
rPois   +          Reflect  .   (no helmet)
rElec   +          Harm     .   (no cloak)
rCorr   +          Rampage  .   e - +0 pair of gloves
Will    .....                   (no boots)
Stlth   +.........              (no amulet)
HPRegen 0.22/turn               h - ring of protection from cold
MPRegen 0.16/turn               y - +4 ring of evasion

@: brilliant, lethally poisoned (0 -> -11), resistant, flying
A: high MP 1, forlorn, divine attributes
a: no special abilities


You were on level 6 of the Dungeon.
You visited 1 branch of the dungeon, and saw 7 of its levels.

You collected 486 gold pieces.

Inventory:

Missiles
 t - 5 throwing nets
Armour
 e - a +0 pair of gloves (worn)
 i - a +0 ring mail (worn)
 u - a +2 robe of willpower
Jewellery
 h - a ring of protection from cold (left hand)
 y - a +4 ring of evasion (right hand)
Wands
 b - a wand of flame (8)
 w - a wand of iceblast (11)
 A - a wand of acid (9)
Scrolls
 a - 4 scrolls of butterflies {unknown}
 c - 12 scrolls of identify {unknown}
 d - 3 scrolls of enchant weapon {unknown}
 f - 3 scrolls of fear {unknown}
 k - a scroll of enchant armour {unknown}
 n - a scroll of immolation {unknown}
 o - a scroll of blinking {unknown}
 s - a scroll of magic mapping {unknown}
 z - a scroll of brand weapon {unknown}
 B - a scroll of torment {unknown}
 C - 2 scrolls of amnesia {unknown}
Potions
 g - a potion of might {unknown}
 j - a potion of flight
 l - a potion of ambrosia {unknown}
 m - a potion of brilliance
 p - a potion of resistance
 q - a potion of mutation {unknown}
 r - a potion of attraction {unknown}
 v - a potion of curing {unknown}
 x - a potion of heal wounds {unknown}


   Skills:
 * Level 4.6 Fighting
 - Level 3.0 Armour
 * Level 5.0 Dodging
 + Level 6.7 Unarmed Combat
 + Level 4.0 Spellcasting
 * Level 5.8 Transmutations


You had 13 spell levels left.
You knew the following spells:

 Your Spells              Type           Power      Damage    Failure   Level
a - Beastly Appendage     Tmut           60%        N/A       3%          1
b - Wereblood             Tmut           30%        N/A       4%          2

Your spell library contained the following spells:

 Spells                   Type           Power      Damage    Failure   Level
 Spider Form              Tmut/Pois      17%        N/A       30%         3
 Freeze                   Ice            16%        1d4       34%         1
 Summon Small Mammal      Summ           16%        N/A       34%         1
 Call Canine Familiar     Summ           4%         N/A       71%         3
 Frozen Ramparts          Ice            8%         1d2       71%         3
 Ozocubu's Armour         Ice            4%         N/A       71%         3
 Summon Guardian Golem    Hex/Summ       4%         N/A       71%         3
 Ice Form                 Ice/Tmut       17%        N/A       71%         4
 Hailstorm                Conj/Ice       4%         3d4       98%         4
 Metabolic Englaciation   Hex/Ice        2%         N/A       100%        5
 Simulacrum               Ice/Necr       2%         N/A       100%        6


Dungeon Overview and Level Annotations

Branches:
Dungeon (7/15)             Temple (0/1) D:6


Innate Abilities, Weirdness & Mutations

You have an increased reservoir of magic. (+10% MP)
You shall have no god before yourself.
Your divine heritage dramatically boosts your attributes as you level up.


Message History

You see here a +0 hand axe.
The gnoll attacks as you move away!
The gnoll hits you with a +2 whip of venom.
You are more poisoned.
You feel very sick.
The howler monkey hoots and howls with incredible vigour!
You hear a howl!
Your primal bloodlust is almost over.
You feel very sick.
The gnoll hits you with a +2 whip of venom.
You are lethally poisoned!
The gnoll attacks as you move away! The gnoll barely misses you.
Found 10 gold pieces.
You feel very sick.
There is a stone staircase leading up here.
* * * LOW HITPOINT WARNING * * *
You feel very sick.
The gnoll hits you with a +2 whip of venom.
* * * LOW HITPOINT WARNING * * *
You are more poisoned.
You climb upwards.
* * * LOW HITPOINT WARNING * * *
You feel extremely sick.
There is a stone staircase leading down here.
It was a potion of flight.
You feel very buoyant.
You fly up into the air.
Your horns disappear.
Your talons disappear.
* * * LOW HITPOINT WARNING * * *
You feel very sick.
The gnoll is no longer moving quickly.
The gnoll barely misses you.
It was a potion of resistance.
You feel protected.
* * * LOW HITPOINT WARNING * * *
You feel very sick. The gnoll misses you.
Okay, then.
Okay, then.
It was a potion of brilliance.
You feel clever all of a sudden.
Your primal bloodlust has ended.
You die...

.......#.....'...............###.
.......#.....####################
#.....##(........# ###..........
###.####.........# ##...#########
.................###..### #.....
.................#...## #.####
....#########....'.### #.# ....#
#....###########.# ....#
#[..@g)).........# ....#
#....############# ##### #....#
#....#### #....# #........ ######
####.#### #.# #.# #.# #.####


You could see a gnoll.

Vanquished Creatures
  A komodo dragon (D:6)
  Grinder (D:3)
  2 wyverns
  A sky beast (D:6)
  An ice beast (D:7)
  An orc warrior (D:6)
  2 black bears
  2 ogres
  A centaur (D:6)
  A phantom (D:6)
  A kobold brigand (D:6)
  A necrophage (D:5)
  A bullfrog (D:6)
  3 scorpions (D:4)
  2 jellies (D:6)
  4 hounds
  5 orc priests
  A gnoll bouda (D:6)
  Jessica (D:3)
  Ijyb (D:3)
  6 orc wizards
  2 iguanas (D:6)
  Robin (D:2)
  9 gnolls
  7 adders
  A shadow imp (D:7)
  2 white imps
  2 ufetubi
  3 dart slugs
  20 orcs
  3 ball pythons
  3 endoplasms
  A giant cockroach (D:2)
  10 goblins
  13 hobgoblins
  2 quokkas
  4 bats
  4 frilled lizards
  4 kobolds
  4 rats
134 creatures vanquished.

Vanquished Creatures (others)
  A white imp (D:6)
1 creature vanquished.

Grand Total: 135 creatures vanquished

Notes
Turn   | Place    | Note
-------+----------+-------------------------------------------
     0 | D:1      | Timinator the Demigod Transmuter began the quest for the
                  | Orb.
     0 | D:1      | Reached XP level 1. HP: 15/15 MP: 5/5
   259 | D:1      | Reached skill level 1 in Fighting
   581 | D:1      | Reached XP level 2. HP: 23/23 MP: 5/7
   637 | D:1      | Reached skill level 3 in Unarmed Combat
   639 | D:1      | You fall into a shaft and drop 1 floor!
   886 | D:2      | Noticed Robin
   923 | D:2      | Killed Robin
   924 | D:2      | Reached XP level 3. HP: 8/28 MP: 6/8
  1610 | D:3      | Noticed Grinder
  1614 | D:3      | Paralysed by Grinder for 5 turns
  1623 | D:3      | Paralysed by Grinder for 2 turns
  1628 | D:3      | Killed Grinder
  1629 | D:3      | Reached skill level 1 in Armour
  1629 | D:3      | Reached XP level 4. HP: 28/36 MP: 8/10
  1629 | D:3      | Reached XP level 5. HP: 31/41 MP: 8/11
  2383 | D:3      | Noticed Jessica
  2397 | D:3      | Killed Jessica
  2398 | D:3      | Reached XP level 6. HP: 48/48 MP: 12/12
  2403 | D:3      | Identified the +6 sling "Acza" {venom, rElec Dex+3}
  2463 | D:3      | Noticed Ijyb
  2481 | D:3      | Killed Ijyb
  2615 | D:4      | Identified the +3 leather armour of Dice, Bag, and Bottle
                  | {Harm rN+}
  2982 | D:4      | Reached skill level 4 in Unarmed Combat
  3594 | D:4      | Reached XP level 7. HP: 55/56 MP: 12/14
  3680 | D:5      | Entered Level 5 of the Dungeon
  3746 | D:5      | Learned a level 2 spell: Wereblood
  3907 | D:5      | Found a glowing drain.
  4049 | D:5      | Identified the +0 ring mail of the Arena {rF++ Str-5 Int+5}
  4753 | D:6      | Reached skill level 5 in Unarmed Combat
  5067 | D:6      | Reached XP level 8. HP: 54/63 MP: 14/16
  5150 | D:6      | Reached skill level 5 in Transmutations
  5243 | D:6      | Noticed a komodo dragon
  5262 | D:6      | Killed a komodo dragon
  5264 | D:6      | Reached skill level 6 in Unarmed Combat
  5732 | D:6      | Found a staircase to the Ecumenical Temple.
  5933 | D:6      | Reached XP level 9. HP: 71/72 MP: 18/18
  6304 | D:7      | Reached skill level 5 in Dodging
  6485 | D:6      | HP: 3/72 [poisoned by a gnoll]
  6486 | D:6      | Succumbed to a gnoll's poison

Illustrated notes

Levels and vault maps discovered:
D:1:      dpeg_arrival_erosion, layout_basic, basic_ecumenical_altar,
          hangedman_decor_push
D:2:      layout_rooms, kennysheep_generic_room_11, uniq_robin
D:3:      layout_loops_cross, nicolae_titane, uniq_grinder, uniq_ijyb,
          uniq_jessica
D:4:      layout_gridville
D:5:      layout_cave_pools, cheibrodos_sewer_entry_sluice
D:6:      wad_guarded_room, layout_basic, old_standard_altar,
          lemuel_temple_firewalk_b
D:7:      layout_cave_pools, nicolae_shop_vocational, uniq_crazy_yiuf_cottage,
          uniq_maggie

Skill      XL: |  1  2  3  4  5  6  7  8  9 |
---------------+----------------------------+-----
Fighting       | 1 2 3 4 |  4.6
Dodging        | 2 3 4 5 |  5.0
Unarmed Combat | 3 4 5 6 |  6.7
Transmutations | 2 3 4 5 |  5.8
Spellcasting   | 2 3 4 |  4.0
Armour         | 1 2 3 |  3.0

Action                   |  1- 3 |  4- 6 |  7- 9 || total
-------------------------+-------+-------+-------++-------
Melee: Unarmed           |    91 |   100 |   252 ||   443
       Kick              |    25 |    28 |    58 ||   111
       Headbutt          |    10 |    24 |    47 ||    81
       Punch             |       |       |    12 ||    12
 Cast: Beastly Appendage |    20 |    21 |    24 ||    65
       Wereblood         |       |       |     8 ||     8
  Use: Potion            |     1 |       |     6 ||     7
 Stab: Sleeping          |       |     1 |       ||     1
Armor: Robe              |     8 |     7 |       ||    15
       Skin              |     7 |       |    15 ||    22
       Leather armour    |     2 |     5 |       ||     7
       Ring mail         |       |     4 |    44 ||    48
Dodge: Dodged            |    32 |    47 |   205 ||   284
